[Event "Early-Titled-Tuesday-Blitz-July-09-2024"]
[Site "Chess.com"]
[Date "2024.07.09"]
[Round "7"]
[White "Rakhmanov_Aleksandr"]
[Black "mishanick"]
[Result "0-1"]
[WhiteElo "2857"]
[BlackElo "3090"]
[TimeControl "180+1"]
[EndTime "9:18:37 PDT"]
[Termination "mishanick won on time"]

1. c4 e6 2. Nc3 d5 3. d4 Nf6 4. cxd5 exd5 5. Bg5 c6 6. e3 Be7 7. Bd3 Nbd7 8. h3 Nf8 9. Nf3 Ne6 10. Bh4 O-O 11. O-O Re8 12. Qc2 h6 13. Bg3 Bd6 14. Ne5 Ng5 15. f3 Qe7 16. Rae1 Be6 17. Bh4 Nd7 18. Bg3 Nf6 19. Bh4 Qc7 20. f4 Nge4 21. Bxf6 Nxf6 22. g4 Ne4 23. Nxe4 dxe4 24. Bxe4 f6 25. Ng6 Bxa2 26. b3 Qf7 27. Qxa2 Rxe4 28. f5 Rae8 29. Rf3 Rxd4 30. Qxa7 Rd2 0-1

[Event "Early-Titled-Tuesday-Blitz-July-09-2024"]
[Site "Chess.com"]
[Date "2024.07.09"]
[Round "7"]
[White "SpeedofLight0"]
[Black "Trendle"]
[Result "1-0"]
[WhiteElo "3148"]
[BlackElo "2672"]
[TimeControl "180+1"]
[EndTime "9:18:37 PDT"]
[Termination "SpeedofLight0 won on time"]

1. d4 f5 2. g3 Nf6 3. Bg2 g6 4. c4 Bg7 5. Nf3 O-O 6. O-O d6 7. Nc3 c6 8. Rb1 a5 9. Qb3 Kh8 10. Rd1 Qc7 11. c5 Na6 12. Ng5 d5 13. Bf4 Qd8 14. Na4 h6 15. Nf3 g5 16. Be5 Nd7 17. Bxg7+ Kxg7 18. e3 Qc7 19. Qc3 Re8 20. h4 Kg6 21. Bf1 e5 22. Nb6 Nxb6 23. Nxe5+ Kg7 24. cxb6 Qxb6 25. hxg5 hxg5 26. a3 Be6 27. Bd3 Qc7 28. Kg2 Rh8 29. Rh1 Qb6 30. Qc2 Kf6 31. Qe2 Qd8 32. Qf3 Kg7 33. Bxf5 Qf6 34. Bxe6 Qxe6 35.
Rh5 Rxh5 36. Qxh5 1-0

[Event "Early-Titled-Tuesday-Blitz-July-09-2024"]
[Site "Chess.com"]
[Date "2024.07.09"]
[Round "7"]
[White "sergeikim"]
[Black "AsaHoffmann"]
[Result "1-0"]
[WhiteElo "2593"]
[BlackElo "2396"]
[TimeControl "180+1"]
[EndTime "9:18:38 PDT"]
[Termination "sergeikim won by resignation"]

1. d4 Nf6 2. c4 c5 3. d5 e5 4. Nc3 d6 5. e4 Be7 6. g3 O-O 7. Bg2 Na6 8. Nf3 Ne8 9. O-O Nec7 10. Ne1 Bd7 11. a4 Nb4 12. Nd3 a5 13. Nb5 Bxb5 14.
axb5 b6 15. h4 g6 16. Bh6 Re8 17. Nxb4 axb4 18. Qd2 Bf8 19. Bg5 Be7 20. Be3 Qd7 21.
Kh2 Rxa1 22. Rxa1 Ra8 23. Qd1 Rxa1 24. Qxa1 Ne8 25. Bh3 Qc7 26. Qa8 Bd8 27. Bg5 f6 28.
Bh6 Kf7 29. Be6+ Ke7 30. Bg8 Qd7 31. f3 Nc7 32. Qc6 Ke8 33. Bxh7 g5 34. h5 Ke7 35.
Bg6 Ne8 36. Bf8+ 1-0

[Event "Early-Titled-Tuesday-Blitz-July-09-2024"]
[Site "Chess.com"]
[Date "2024.07.09"]
[Round "7"]
[White "Cmorales2001"]
[Black "WindWhistler11"]
[Result "0-1"]
[WhiteElo "2345"]
[BlackElo "2470"]
[TimeControl "180+1"]
[EndTime "9:18:38 PDT"]
[Termination "WindWhistler11 won by checkmate"]

1. e4 e6 2. d4 d5 3. Nd2 Nc6 4. c3 Nf6 5. Bd3 e5 6. Ngf3 Bg4 7. O-O exd4 8. e5 Nd7 9. Re1 Be7 10. h3 Bh5 11. g4 Bg6 12. Bxg6 hxg6 13. e6 fxe6 14. Rxe6 Nf8 15. Re1 Rxh3 16. Kg2 Rh8 17. cxd4 Qd7 18. Ne5 Nxe5 19. dxe5 O-O-O 20. Nb3 Rh4 21. f3 Ne6 22. Rh1 Rdh8 23. Rxh4 Rxh4 24. Be3 c5 25. Rc1 b6 26. Qf1 d4 27. Bd2 Qd5 28. Kg3 Rh8 29. Na5 bxa5 30. Qa6+ Kd7 31. Qxa5 Rf8 32. Qa4+ Qc6 33. Qxa7+ Ke8 34.
f4 Bh4+ 35. Kh3 Qf3+ 36. Kxh4 Rh8# 0-1

[Event "Early-Titled-Tuesday-Blitz-July-09-2024"]
[Site "Chess.com"]
[Date "2024.07.09"]
[Round "7"]
[White "FREDERICKtheMATE"]
[Black "GrumbleBruno"]
[Result "1-0"]
[WhiteElo "2748"]
[BlackElo "2516"]
[TimeControl "180+1"]
[EndTime "9:18:39 PDT"]
[Termination "FREDERICKtheMATE won by resignation"]

1. e4 e6 2. d4 d5 3. Bd3 dxe4 4. Bxe4 Nf6 5. Bf3 Nbd7 6. Nc3 Bd6 7. Nb5 O-O 8. Nxd6 cxd6 9. Ne2 Rb8 10. O-O b6 11. Nc3 Bb7 12. Nb5 d5 13. Nxa7 e5 14. Nb5 Re8 15. Be2 Qe7 16. dxe5 Nxe5 17. Nd4 Rbc8 18. c3 Ne4 19. Bf4 Ng6 20. Be3 Nc5 21.
Bb5 Red8 22. Qh5 f6 23. Rae1 Qf7 24. Re2 Ne4 25. f3 Nd6 26. Bd3 Re8 27. Rfe1 Nc4 28. Bc1 Rxe2 29. Rxe2 Re8 30. Qf5 Bc8 31. Rxe8+ Qxe8 32. Qxd5+ 1-0

[Event "Early-Titled-Tuesday-Blitz-July-09-2024"]
[Site "Chess.com"]
[Date "2024.07.09"]
[Round "7"]
[White "Silent-Killer100"]
[Black "FMalexhdez"]
[Result "1/2-1/2"]
[WhiteElo "2497"]
[BlackElo "2282"]
[TimeControl "180+1"]
[EndTime "9:18:39 PDT"]
[Termination "Game drawn by repetition"]

1. f4 d5 2. Nf3 c6 3. g3 Nf6 4. Bg2 g6 5. O-O Bg7 6. d3 O-O 7. Qe1 d4 8. e4 dxe3 9. Qxe3 Nbd7 10. Nc3 Nd5 11. Nxd5 cxd5 12. d4 Nf6 13. Ne5 Bf5 14.
c3 Be4 15. Bd2 Bxg2 16. Kxg2 Ne4 17. Be1 Bxe5 18. fxe5 f5 19. exf6 exf6 20. Rc1 b5 21.
Rc2 f5 22. Kh1 Rc8 23. Rg2 Qd7 24. Qh6 a5 25. h3 Qe7 26. Kh2 b4 27. cxb4 axb4 28.
Bd2 Rc2 29. Bf4 Rfc8 30. Rg1 Qg7 31. Qxg7+ Kxg7 32. Be5+ Kf7 33. Rxc2 Rxc2+ 34. Rg2 Rc1 35. g4 Ke6 36. g5 Ra1 37. a3 bxa3 38. bxa3 Rxa3 39.
h4 Nc3 40. Kg3 Nb5+ 41. Kh2 Rd3 42. Rg3 Rd2+ 43. Rg2 Rxg2+ 44. Kxg2 f4 45. Kf3 Kf5 46. Bf6 Nd6 47. Be5 Nb5 48. Bf6 Nd6 49. Be5 Nb5 1/2-1/2

[Event "Early-Titled-Tuesday-Blitz-July-09-2024"]
[Site "Chess.com"]
[Date "2024.07.09"]
[Round "7"]
[White "ketster"]
[Black "SuanTiltado"]
[Result "1-0"]
[WhiteElo "2580"]
[BlackElo "2378"]
[TimeControl "180+1"]
[EndTime "9:18:42 PDT"]
[Termination "ketster won by resignation"]

1. e4 c6 2. e5 d5 3. exd6 exd6 4.
d4 d5 5. c4 Nf6 6. Nf3 Bb4+ 7. Nc3 O-O 8. Be2 Re8 9. O-O Be6 10.
Qb3 a5 11. c5 Qc7 12. Na4 Bg4 13. Qc2 Qe7 14. Be3 Nbd7 15. a3 b5 16. cxb6 Bd6 17.
Qxc6 Qe6 18. Rac1 Rab8 19. b7 Ne4 20. Rfe1 Qg6 21. Qxd5 Bh3 22. Ng5 Nxg5 23. Qxg5 Rxe3 24. Qxg6 hxg6 25. fxe3 Bf5 26. Rc8+ Nf8 27. Rxb8 Bxb8 28. Rc1 Be4 29. Rc8 Bd6 30. b8=Q Bxb8 31. Rxb8 1-0

[Event "Early-Titled-Tuesday-Blitz-July-09-2024"]
[Site "Chess.com"]
[Date "2024.07.09"]
[Round "7"]
[White "lluiss"]
[Black "urano56"]
[Result "1-0"]
[WhiteElo "2195"]
[BlackElo "2379"]
[TimeControl "180+1"]
[EndTime "9:18:42 PDT"]
[Termination "lluiss won by resignation"]

1. Nf3 Nf6 2. d4 e6 3. e3 c5 4. c4 Nc6 5. Nc3 cxd4 6. exd4 d5 7. Be2 dxc4 8. Bxc4 Bd6 9. O-O O-O 10. Re1 a6 11. a3 Bc7 12. Bg5 b5 13. Ba2 Bd6 14. d5 exd5 15.
Nxd5 Be7 16. Nxe7+ Nxe7 17. Qxd8 Rxd8 18. Rxe7 Bg4 19. Bxf6 gxf6 20. Rxf7 Kh8 21. Rxf6 Ra7 22. h3 Bh5 23. Ne5 Kg7 24. Rf5 Be8 25. Re1 Rd2 26. Nf3 Rxb2 27. Rxe8 Rxa2 28. Re4 Rf7 29. Rg4+ Kf8 30.
Rc5 Rxa3 31. Ne5 Ra1+ 32. Kh2 Rf5 33. Nd7+ Ke7 34. Rxf5 Kxd7 35. Rh5 Kc6 36. Rxh7 Kb6 37. Rh6+ Ka5 38. Rgg6 Kb4 39. Rxa6 Rf1 40. f3 Kb3 41. Rhb6 b4 42. Ra8 Rc1 43. Rab8 Rc4 44. Rxb4+ Rxb4 45. Rxb4+ Kxb4 46. Kg3 Kc5 47. Kf4 Kd6 48. g4 Ke7 49.
Ke5 Kf8 50. f4 Kg7 51. f5 Kh7 52. Ke6 Kh6 53. f6 Kg6 54. Ke7 Kg5 55. f7 Kg6 56. f8=Q Kh7 57. Qf3 1-0

[Event "Early-Titled-Tuesday-Blitz-July-09-2024"]
[Site "Chess.com"]
[Date "2024.07.09"]
[Round "7"]
[White "IMGC"]
[Black "Tagir45"]
[Result "0-1"]
[WhiteElo "2455"]
[BlackElo "2616"]
[TimeControl "180+1"]
[EndTime "9:18:43 PDT"]
[Termination "Tagir45 won by resignation"]

1. d4 d5 2. e3 Bf5 3. c4 e6 4.
Nc3 Nf6 5. a3 c6 6. Nf3 Nbd7 7.
Bd3 Bxd3 8. Qxd3 Be7 9. O-O O-O 10. e4 dxe4 11. Nxe4 Nxe4 12. Qxe4 Nf6 13. Qe2 Qa5 14. b3 b5 15. Bd2 Qb6 16. a4 bxc4 17. bxc4 Rab8 18.
a5 Qb3 19. Ne5 Rfc8 20. Be3 c5 21. dxc5 Bxc5 22. Bg5 Bd4 23. Rad1 Bxe5 24. Qxe5 Ng4 25. Qg3 Qxg3 26. hxg3 Rxc4 27. Rd7 h6 28. Bd2 Rb2 29.
Rd1 Nf6 30. Rxa7 Rd4 0-1

[Event "Early-Titled-Tuesday-Blitz-July-09-2024"]
[Site "Chess.com"]
[Date "2024.07.09"]
[Round "7"]
[White "C_K_G"]
[Black "vikber19611"]
[Result "1-0"]
[WhiteElo "2234"]
[BlackElo "1655"]
[TimeControl "180+1"]
[EndTime "9:18:43 PDT"]
[Termination "C_K_G won by checkmate"]

1. e4 e5 2. Nf3 Nc6 3. Bc4 Nf6 4. Ng5 d5 5. exd5 Na5 6. Bb5+ c6 7. dxc6 bxc6 8.
Qf3 Bb7 9. Bd3 c5 10. Bb5+ Ke7 11. Qc3 Qc7 12. b4 Nd5 13. Qf3 f6 14. bxa5 Nf4 15.
Qg4 Nxg2+ 16. Kf1 fxg5 17. d4 cxd4 18. Bxg5+ Kd6 19. Nd2 Be7 20. Nc4+ Kc5 21. a4 Rhf8 22. Bc1 Ne3+ 23. Nxe3 Bxh1 24. Ba3# 1-0

[Event "Early-Titled-Tuesday-Blitz-July-09-2024"]
[Site "Chess.com"]
[Date "2024.07.09"]
[Round "7"]
[White "LunaTheTuna2013"]
[Black "KVAIDAN"]
[Result "0-1"]
[WhiteElo "2044"]
[BlackElo "2321"]
[TimeControl "180+1"]
[EndTime "9:18:46 PDT"]
[Termination "KVAIDAN won on time"]

1. d4 e6 2. c4 f5 3. Nc3 Nf6 4. Nf3 Bb4 5. e3 b6 6. Bd3 Bb7 7. Bd2 O-O 8. O-O Bxc3 9. Bxc3 Ne4 10. Rc1 Rf6 11. Bxe4 Bxe4 12. d5 Rg6 13. dxe6 a5 14. Kh1 Qe7 15. exd7 Nxd7 16. Rg1 Rh6 17. h3 Nc5 18. a3 Nd3 19. Rc2 Rd8 20. Rd2 Nxf2+ 21.
Rxf2 Rxd1 22. Rxd1 Rd6 23. Rxd6 Qxd6 24. Rd2 Qe7 25.
Bd4 c5 26. Bc3 h6 27. Re2 g5 28. Ne5 g4 0-1

[Event "Early-Titled-Tuesday-Blitz-July-09-2024"]
[Site "Chess.com"]
[Date "2024.07.09"]
[Round "7"]
[White "Igor_Janik"]
[Black "Ditman2007"]
[Result "1-0"]
[WhiteElo "2890"]
[BlackElo "2713"]
[TimeControl "180+1"]
[EndTime "9:18:47 PDT"]
[Termination "Igor_Janik won by checkmate"]

1. e4 e6 2. Qe2 c5 3. Nf3 Nc6 4. g3 g6 5. Bg2 Bg7 6. O-O d6 7. c3 Nge7 8. Rd1 O-O 9. d4 cxd4 10. cxd4 d5 11. e5 a5 12. Nc3 b6 13. Bf4 Ba6 14. Qd2 b5 15. h4 Nf5 16. Bh3 Kh8 17.
Rac1 Rc8 18. Bxf5 gxf5 19. Bg5 f6 20. exf6 Bxf6 21. Bxf6+ Qxf6 22. Ne2 b4 23. Nf4 Ne7 24. Ne5 Rfd8 25. Rxc8 Rxc8 26. Rc1 h6 27. Rxc8+ Bxc8 28. Qc1 Qf8 29. Qc7 Qe8 30. Qxe7 Qxe7 31. Nfg6+ Kg7 32. Nxe7 Ba6 33. N7c6 Bc4 34. Nxa5 Bxa2 35. Nac6 b3 36. f4 Kf6 37. Kf2 Bb1 38. Ke3 Be4 39. Kd2 Bc2 40. Kc3 h5 41. Na5 Bd1 42. Nxb3 Bg4 43. Nc5 Be2 44. Kb4 Bb5 45. Kxb5 Ke7 46. Kc6 Kf6 47.
Kd6 Kg7 48. Kxe6 Kh6 49. Kxf5 Kh7 50. Kg5 Kh8 51. f5 Kh7 52. f6 Kg8 53. Kg6 Kh8 54. Ne6 Kg8 55. b4 Kh8 56. b5 Kg8 57. b6 Kh8 58. b7 Kg8 59. b8=Q# 1-0

[Event "Early-Titled-Tuesday-Blitz-July-09-2024"]
[Site "Chess.com"]
[Date "2024.07.09"]
[Round "7"]
[White "nitpicker"]
[Black "Hirna2005"]
[Result "1-0"]
[WhiteElo "2310"]
[BlackElo "2406"]
[TimeControl "180+1"]
[EndTime "9:18:49 PDT"]
[Termination "nitpicker won by resignation"]

1. d4 g6 2. e4 Bg7 3. Nc3 d6 4. h3 a6 5. a4 Nc6 6. Nge2 e5 7. Be3 f5 8. g3 Nf6 9. Bg2 O-O 10. Qd2 Qe8 11.
exf5 Bxf5 12. O-O Rd8 13. Rad1 Kh8 14. Rfe1 exd4 15. Nxd4 Nxd4 16. Bxd4 Qf7 17. Bxb7 Bxh3 18. Bxa6 c5 19. Be3 Ng4 20. Bf1 Nxe3 21. Qxe3 Bd4 22. Rxd4 Bxf1 23. Rf4 Qc4 24. Rxc4 Bxc4 25. b3 1-0

[Event "Early-Titled-Tuesday-Blitz-July-09-2024"]
[Site "Chess.com"]
[Date "2024.07.09"]
[Round "7"]
[White "honestgames"]
[Black "Chess_master1982"]
[Result "0-1"]
[WhiteElo "2837"]
[BlackElo "2656"]
[TimeControl "180+1"]
[EndTime "9:18:50 PDT"]
[Termination "Chess_master1982 won by resignation"]

1. e4 Nf6 2. e5 Nd5 3. c4 Nb6 4.
d4 d6 5. f4 dxe5 6. fxe5 Nc6 7. Be3 Bf5 8. Nc3 e6 9. Nf3 Bg4 10. c5 Nd5 11. Nxd5 Qxd5 12. Be2 Qe4 13. Qd2 O-O-O 14.
O-O Bxc5 15. Ng5 Qg6 16. Bxg4 Bxd4 17. Qf2 h6 18. Nxf7 Rhf8 19. Bxd4 Nxd4 20. Rad1 Qxg4 21. Rxd4 Qxd4 22. Nd6+ Rxd6 23. exd6 0-1

[Event "Early-Titled-Tuesday-Blitz-July-09-2024"]
[Site "Chess.com"]
[Date "2024.07.09"]
[Round "7"]
[White "Chernov_Alexander_A"]
[Black "UK_23"]
[Result "0-1"]
[WhiteElo "2265"]
[BlackElo "2406"]
[TimeControl "180+1"]
[EndTime "9:18:50 PDT"]
[Termination "UK_23 won by resignation"]

1. d4 Nf6 2. Nf3 g6 3. g3 Bg7 4.
Bg2 O-O 5. O-O d6 6. b3 a5 7. c4 a4 8. bxa4 c5 9. e3 Nc6 10. Nc3 Qa5 11. Bd2 cxd4 12. exd4 Bg4 13. Be1 e6 14.
Rb1 Qa6 15. Nb5 Qxa4 16. Nxd6 Qxd1 17. Rxd1 Rxa2 18. Nxb7 Rc2 19. Nd6 Rb8 20. Rd3 Rbb2 21. h3 Bf5 22. Nxf5 gxf5 23. d5 Nb4 24. Ra3 Rxc4 25.
dxe6 fxe6 26. Ne5 Rc8 27. Ra7 Nfd5 28. Nc4 Rxc4 29. Rb7 Bd4 30. Kh2 Nd3 31. Rb8+ Rxb8 0-1

[Event "Early-Titled-Tuesday-Blitz-July-09-2024"]
[Site "Chess.com"]
[Date "2024.07.09"]
[Round "7"]
[White "MrMatesM"]
[Black "Cxrjs"]
[Result "1/2-1/2"]
[WhiteElo "2692"]
[BlackElo "2523"]
[TimeControl "180+1"]
[EndTime "9:18:51 PDT"]
[Termination "Game drawn by repetition"]

1. Nf3 Nf6 2. g3 g6 3. Bg2 Bg7 4. O-O O-O 5. d3 d6 6. e4 Nc6 7. Re1 e5 8. Nbd2 h6 9. c3 Ne8 10. b4 f5 11. Qc2 f4 12. b5 Ne7 13. d4 g5 14. dxe5 dxe5 15. Nc4 Ng6 16. Ba3 Rf7 17.
Rad1 Qf6 18. Nd4 exd4 19. e5 Qf5 20. Be4 Qh3 21. Bg2 Qf5 22. Be4 Qh3 23. Bg2 Qe6 24. cxd4 f3 25. Bf1 Ne7 26. Bxe7 Rxe7 27. d5 Qf5 28.
Bd3 Qh3 29. Bf1 Qf5 30. Bd3 Qh3 31. Bf1 Qf5 1/2-1/2

[Event "Early-Titled-Tuesday-Blitz-July-09-2024"]
[Site "Chess.com"]
[Date "2024.07.09"]
[Round "7"]
[White "PLAYER_2006_M"]
[Black "Makswolf200817"]
[Result "1-0"]
[WhiteElo "2946"]
[BlackElo "2768"]
[TimeControl "180+1"]
[EndTime "9:18:55 PDT"]
[Termination "PLAYER_2006_M won on time"]

1. e4 c5 2. Nf3 d6 3. d4 cxd4 4. Nxd4 Nf6 5. Nc3 a6 6. a3 e5 7. Nf5 d5 8. Bg5 d4 9. Bxf6 gxf6 10. Nb1 Bxf5 11. exf5 Nc6 12. Nd2 Qd5 13. Qe2 O-O-O 14. Qc4 Bh6 15. Qxd5 Bxd2+ 16. Kxd2 Rxd5 17. Bd3 Rg8 18. g3 Rd6 19. Rhe1 Ne7 20. Rad1 Kc7 21. Ke2 Rb6 22. Rb1 Nc8 23. Kf3 Nd6 24. h4 Rc6 25. g4 h6 26. Kg3 Rc5 27. f3 Nc4 28. Bxc4 Rxc4 29. Re2 Kd6 30. Rd1 Rgc8 31. c3 Kd5 32. cxd4 Rxd4 33. Rxd4+ exd4 34. Re7 Kc4 35. Rxf7 b5 36. Rxf6 Rd8 37. Kf2 Kb3 38. Ke2 Kxb2 39. Rxa6 1-0

[Event "Early-Titled-Tuesday-Blitz-July-09-2024"]
[Site "Chess.com"]
[Date "2024.07.09"]
[Round "7"]
[White "FARIZA2018"]
[Black "sleeping_in_the_fire"]
[Result "1-0"]
[WhiteElo "2635"]
[BlackElo "2466"]
[TimeControl "180+1"]
[EndTime "9:18:56 PDT"]
[Termination "FARIZA2018 won by resignation"]

1. e4 c5 2. Nf3 d6 3. d4 cxd4 4. Nxd4 Nf6 5. Nc3 Nc6 6. Be2 g6 7. Be3 Bg7 8. O-O O-O 9. h3 Qa5 10.
Bc4 Bd7 11. Bb3 Rac8 12. f4 e5 13. Nxc6 Bxc6 14. fxe5 dxe5 15. Qf3 Qb4 16. a3 Qa5 17. Bg5 Nh5 18. Be7 Bh6 19. Bxf8 Rxf8 20. Rad1 Qb6+ 21. Kh1 Bf4 22. Ne2 Bb5 23. c4 Ba6 24. Nxf4 exf4 25. Kh2 Qf6 26. Rfe1 Qxb2 27. c5 Qe5 28.
Rd5 Qe7 29. e5 b6 30. c6 Qc7 31. Rd7 Qb8 32. e6 Bc8 33. Rxf7 Kh8 34. Rxf8+ 1-0

[Event "Early-Titled-Tuesday-Blitz-July-09-2024"]
[Site "Chess.com"]
[Date "2024.07.09"]
[Round "7"]
[White "NikFil2013"]
[Black "CristianS27"]
[Result "1-0"]
[WhiteElo "2398"]
[BlackElo "2503"]
[TimeControl "180+1"]
[EndTime "9:18:56 PDT"]
[Termination "NikFil2013 won by resignation"]

1. d4 Nf6 2. c4 g6 3. Nc3 Bg7 4.
e4 d6 5. Nf3 O-O 6. Be2 e5 7.
O-O exd4 8. Nxd4 Re8 9. f3 Nc6 10. Be3 Nh5 11. Re1 Nf4 12. Nxc6 Nxe2+ 13. Qxe2 bxc6 14.
Red1 Rb8 15. c5 d5 16. exd5 Bh6 17. Ne4 Bxe3+ 18. Qxe3 Bf5 19. Qd4 Bxe4 20. fxe4 Qh4 21. Re1 cxd5 22. Qxd5 Rxb2 23. Rf1 Re7 24. Qd8+ Kg7 25.
Rxf7+ Kxf7 26. Rf1+ Rf2 27. Rxf2+ Qxf2+ 28. Kxf2 Rxe4 29. Qd5+ Re6 30. Qb7 Ke7 31. Qxc7+ Kf6 32. Qxa7 Re5 33. c6 Re7 34. c7 1-0

[Event "Early-Titled-Tuesday-Blitz-July-09-2024"]
[Site "Chess.com"]
[Date "2024.07.09"]
[Round "7"]
[White "AlbusSevresPotter"]
[Black "Dreamer_01"]
[Result "0-1"]
[WhiteElo "2596"]
[BlackElo "2458"]
[TimeControl "180+1"]
[EndTime "9:19:00 PDT"]
[Termination "Dreamer_01 won on time"]

1. b3 e5 2. Bb2 Nc6 3. e3 Nf6 4. Bb5 d6 5. Nf3 a6 6. Bxc6+ bxc6 7. d4 e4 8. Nfd2 d5 9. c4 Be7 10. Ba3 Bxa3 11. Nxa3 O-O 12. cxd5 cxd5 13. Rc1 Qd6 14. Nab1 a5 15. O-O Ng4 16. g3 Qh6 17. h4 g5 18. Kg2 gxh4 19. Rh1 h3+ 20. Kg1 h2+ 21. Kg2 Ra6 22. Qe2 Rf6 23. Rc3 Nxe3+ 0-1

[Event "Early-Titled-Tuesday-Blitz-July-09-2024"]
[Site "Chess.com"]
[Date "2024.07.09"]
[Round "7"]
[White "SahibSinghKnight"]
[Black "Noki102"]
[Result "1-0"]
[WhiteElo "2684"]
[BlackElo "2539"]
[TimeControl "180+1"]
[EndTime "9:19:01 PDT"]
[Termination "SahibSinghKnight won by checkmate"]

1. e4 b6 2. d4 Bb7 3. Bd3 f5 4. exf5 Bxg2 5. Qh5+ g6 6. fxg6 Bg7 7. gxh7+ Kf8 8.
hxg8=Q+ Kxg8 9. Qg4 Bxh1 10. h4 e6 11. h5 Qf6 12. c3 Nc6 13. Bg5 Qf7 14. h6 Rf8 15.
hxg7 Qxf2+ 16. Kd1 Bf3+ 17. Qxf3 Qxg1+ 18. Kc2 Rh2+ 19. Nd2 Rxf3 20. Rxg1 Rff2 21. Be3 Rfg2 22. Rf1 Rxg7 23. Bf4 Rhg2 24. Bxc7 Rf7 25. Rd1 Rff2 26. Be4 Rh2 27.
Bxh2 Rxh2 28. Rg1+ Kf7 29. Kd3 Ke7 30. Bxc6 dxc6 31.
Rg7+ Kd6 32. Ne4+ Kd5 33. c4# 1-0

[Event "Early-Titled-Tuesday-Blitz-July-09-2024"]
[Site "Chess.com"]
[Date "2024.07.09"]
[Round "7"]
[White "chessbaerchen"]
[Black "K_A_S_T_O_R"]
[Result "0-1"]
[WhiteElo "2647"]
[BlackElo "2858"]
[TimeControl "180+1"]
[EndTime "9:19:02 PDT"]
[Termination "K_A_S_T_O_R won by resignation"]

1. e4 c5 2. Nf3 d6 3. Bb5+ Nd7 4. O-O a6 5. Bd3 Ngf6 6. c3 e6 7. Re1 Be7 8. a4 b6 9. Bc2 Bb7 10. d4 cxd4 11. Nxd4 O-O 12. c4 Qc7 13. b3 Nc5 14.
Nc3 Rfe8 15. Be3 Bf8 16. f3 g6 17. Qd2 Bg7 18. Rac1 Rad8 19. Red1 d5 20. b4 dxe4 21. bxc5 bxc5 22. Ndb5 axb5 23. Nxb5 Qb8 24. Qf2 exf3 25. gxf3 Qe5 26. Bxc5 Bxf3 27. Qxf3 Qxc5+ 28. Kg2 Rxd1 29.
Rxd1 Qxc4 30. Bb3 Qb4 31. Nc7 Rf8 32. h3 Nh5 33. Rf1 Be5 34. Nb5 Ng3 35. Rf2 Nf5 36. Kh1 Qe1+ 37. Rf1 Ng3+ 38. Kg2 Nxf1 39. Qxf1 Qg3+ 0-1

[Event "Early-Titled-Tuesday-Blitz-July-09-2024"]
[Site "Chess.com"]
[Date "2024.07.09"]
[Round "7"]
[White "Jospem"]
[Black "MagnusCarlsen"]
[Result "0-1"]
[WhiteElo "3114"]
[BlackElo "3193"]
[TimeControl "180+1"]
[EndTime "9:19:04 PDT"]
[Termination "MagnusCarlsen won by resignation"]

1. e4 e5 2. Nf3 Nc6 3. Nc3 Nf6 4. h3 h6 5. d4 exd4 6. Nxd4 Bb4 7. Nxc6 bxc6 8.
Bd3 O-O 9. O-O Re8 10. Re1 d5 11. exd5 Rxe1+ 12. Qxe1 cxd5 13. a3 Bf8 14. Bf4 c5 15.
Rd1 Bb7 16. Be5 Qb6 17. Qd2 d4 18.
Ne2 Re8 19. Bxf6 Qxf6 20. Qf4 Qc6 21. f3 Bd6 22. Qg4 Bc7 23. Be4 Qd6 24. Kf1 Bxe4 25.
fxe4 Qc6 26. Rd3 Rxe4 27. Qc8+ Re8 28. Qf5 g6 29. Qf3 Qe6 30. b4 Bb6 31. bxc5 Bxc5 32. g4 Qa2 33. Rd2 Qb1+ 34. Kg2 Qe1 35. Qf4 Rxe2+ 0-1

[Event "Early-Titled-Tuesday-Blitz-July-09-2024"]
[Site "Chess.com"]
[Date "2024.07.09"]
[Round "7"]
[White "MKlose11"]
[Black "GMMikhailKazakov"]
[Result "1-0"]
[WhiteElo "2675"]
[BlackElo "2511"]
[TimeControl "180+1"]
[EndTime "9:19:04 PDT"]
[Termination "MKlose11 won on time"]

1. e4 e5 2. Nf3 Nc6 3. d4 exd4 4. Bc4 Nf6 5. O-O Nxe4 6. Re1 d5 7. Bxd5 Qxd5 8. Nc3 Qa5 9. Nxe4 Be6 10. Neg5 O-O-O 11. Nxe6 fxe6 12. Rxe6 h6 13. Qe2 Qd5 14. Qe4 Qxe4 15. Rxe4 Bc5 16. Bd2 Rde8 17. Rae1 Rxe4 18. Rxe4 Kd7 19.
Kf1 Bb6 20. Ke2 Rf8 21. a3 Rf5 22. g4 Rf7 23. h4 Kd6 24. Rf4 Rxf4 25. Bxf4+ Kd5 26.
Kd3 Nd8 27. Be5 Ne6 28. b4 g6 29. Bg3 c5 30. bxc5 Nxc5+ 31. Ke2 Ne4 32. Bf4 h5 33. g5 a5 34. Ne5 a4 35. Nxg6 Bc5 36. Bc1 Nc3+ 37. Kd3 Nb5 38. Nf4+ Ke5 39. Nxh5 Bxa3 40.
Bxa3 Nxa3 41. g6 Ke6 42. Nf4+ Kf6 43. h5 Nb5 44. Nd5+ Kg7 45. f4 a3 46. Nb4 1-0

[Event "Early-Titled-Tuesday-Blitz-July-09-2024"]
[Site "Chess.com"]
[Date "2024.07.09"]
[Round "7"]
[White "Timerkhanov"]
[Black "MusicCityMaster"]
[Result "1/2-1/2"]
[WhiteElo "2662"]
[BlackElo "2509"]
[TimeControl "180+1"]
[EndTime "9:19:04 PDT"]
[Termination "Game drawn by repetition"]

1. d4 Nf6 2. Bg5 e6 3. Nd2 d5 4.
e3 a6 5. Bd3 c5 6. c3 b5 7. f4 Bb7 8. Ngf3 Be7 9. Bxf6 Bxf6 10. O-O Nd7 11. Ne5 cxd4 12. cxd4 g6 13. Nb3 Bg7 14.
Nxd7 Qxd7 15. Nc5 Qe7 16. a4 b4 17. a5 O-O 18. Qa4 Rfb8 19. Qxb4 Bc6 20. Qc3 Bb5 21.
Rfc1 g5 22. Bxb5 Rxb5 23. g3 gxf4 24. gxf4 Kh8 25. Kh1 Rg8 26. Nxa6 Qh4 27. Nc7 Qh3 28. Rf1 Be5 29. Rf2 Qf5 30. Rg1 Qe4+ 31. Rfg2 Bxc7 32.
Qxc7 Rxg2 33. Rxg2 Qb1+ 34. Rg1 Qe4+ 35. Rg2 Qb1+ 36.
Rg1 Qe4+ 37. Rg2 1/2-1/2

[Event "Early-Titled-Tuesday-Blitz-July-09-2024"]
[Site "Chess.com"]
[Date "2024.07.09"]
[Round "7"]
[White "Gyulamiryan-koryun"]
[Black "el008"]
[Result "0-1"]
[WhiteElo "1888"]
[BlackElo "2540"]
[TimeControl "180+1"]
[EndTime "9:19:06 PDT"]
[Termination "el008 won by resignation"]

1. d4 d5 2. c4 e6 3. Nc3 Bb4 4. Qa4+ Nc6 5. Nf3 Ne7 6. a3 Bxc3+ 7. bxc3 O-O 8. Bf4 Bd7 9. Qc2 Na5 10. cxd5 exd5 11. e3 Bf5 12. Bd3 Bxd3 13. Qxd3 Nc4 14. Ne5 Nd6 15. c4 f6 16. c5 fxe5 17. cxd6 exf4 18.
dxe7 Qxe7 19. O-O f3 20. g3 c6 21. Rfe1 Rae8 22. Rab1 Rf6 23. a4 Rh6 24. a5 Qd7 25. Qf1 Re7 26. a6 b6 27. Rbc1 Qg4 28. Rc3 Qh5 29. h3 Ree6 30. Kh2 Qf5 31. h4 g5 32. Qh3 g4 33. Qf1 Qf6 34. Qh1 Rh5 35. Kg1 Qf8 36. Rec1 c5 37. dxc5 bxc5 38. Rxc5 Kg7 39. Kh2 Qd6 40.
Kg1 Qxa6 41. Kh2 Qd6 42. Rc7+ Kg6 43. Kg1 d4 44. exd4 Qxd4 45. Rxa7 Qxa7 0-1

[Event "Early-Titled-Tuesday-Blitz-July-09-2024"]
[Site "Chess.com"]
[Date "2024.07.09"]
[Round "7"]
[White "PedroGil25"]
[Black "EdenDzung06"]
[Result "1-0"]
[WhiteElo "2633"]
[BlackElo "2466"]
[TimeControl "180+1"]
[EndTime "9:19:08 PDT"]
[Termination "PedroGil25 won by checkmate"]

1. e4 c6 2. d4 d5 3. e5 Bf5 4.
Nf3 e6 5. Be2 c5 6. c3 Nc6 7. O-O Nh6 8. Bxh6 gxh6 9. Nbd2 Be7 10. dxc5 Bxc5 11. Nb3 Bb6 12. Nbd4 Be4 13. Qa4 Qd7 14.
Bb5 Rc8 15. Rad1 Rg8 16. g3 h5 17. Rfe1 Bxf3 18. Nxf3 Rg4 19. Qc2 Rg7 20. c4 Kf8 21. cxd5 exd5 22. Qd3 Qg4 23. Qxd5 Rd8 24. Qb3 Nd4 25.
Nxd4 Bxd4 26. Be2 Qf5 27. Qf3 Qxe5 28. Bc4 Qc5 29. Bb3 Rg6 30. Qxf7# 1-0

[Event "Early-Titled-Tuesday-Blitz-July-09-2024"]
[Site "Chess.com"]
[Date "2024.07.09"]
[Round "7"]
[White "pfalcon1949"]
[Black "esrosenberg"]
[Result "0-1"]
[WhiteElo "1903"]
[BlackElo "2317"]
[TimeControl "180+1"]
[EndTime "9:19:10 PDT"]
[Termination "esrosenberg won by resignation"]

1. e4 c5 2. Nf3 g6 3. d4 cxd4 4. Nxd4 Nf6 5. c4 Nxe4 6. Bd3 Nf6 7. O-O Bg7 8. Nc3 O-O 9. Bg5 Nc6 10. Nxc6 bxc6 11.
Qe2 d5 12. Rad1 e6 13. b3 Qa5 14. Bd2 Qc7 15. Rc1 Qb8 16. f4 Nd7 17. cxd5 cxd5 18. Kh1 Bb7 19. Qf2 a6 20. Ne2 e5 21. f5 e4 22. Bb1 d4 23. Nxd4 e3 24. Bxe3 Qe5 25.
Rce1 Qd5 26. Bd3 Ne5 27. Bb1 Ng4 28. Nf3 Nxf2+ 29. Bxf2 Rae8 30. Rd1 Qc6 31. Rg1 Re2 32. Bg3 Rxg2 0-1